 Dungeon Crawl Stone Soup version 0.28.0-53-g5a82cb258f (webtiles) character file.

Game seed: 8930643624528516183

35 Sin92 the Skirmisher (level 3, -7/29 HPs)
             Began as a Demonspawn Fighter on June 6, 2022.
             Mangled by an ogre
             ... wielding a +0 giant spiked club
              (9 damage)
             ... on level 4 of the Dungeon.
             The game lasted 00:01:27 (924 turns).

Sin92 the Skirmisher (Demonspawn Fighter)            Turns: 924, Time: 00:01:28

Health: -7/29      AC: 14    Str: 16    XL:     3   Next: 16%
Magic:  3/3        EV:  9    Int:  9    God:
Gold:   37         SH:  5    Dex: 14    Spells: 2/2 levels left

rFire   . . .      SeeInvis .   h - +5 mace "Rotwerch" {protect, rC+ rCorr}
rCold   + . .      Faith    .   c - +0 buckler
rNeg    . . .      Spirit   .   b - +0 scale mail
rPois   .          Reflect  .   (no helmet)
rElec   .          Harm     .   f - +0 cloak
rCorr   +          Rampage  .   (no gloves)
Will    .....                   (no boots)
Stlth   ..........              (no amulet)
HPRegen 0.09/turn               (no ring)
MPRegen 0.08/turn               (no ring)

@: mighty, under a protective aura
A: powered by pain 2
a: no special abilities


You were on level 4 of the Dungeon.
You visited 1 branch of the dungeon, and saw 3 of its levels.

You collected 37 gold pieces.

Inventory:

Hand Weapons
 a - a +0 long sword
 h - the +5 mace "Rotwerch" (weapon) {protect, rC+ rCorr}
   (You found it on level 2 of the Dungeon)

   It grants its wielder temporary protection when it strikes (+7 to AC).
   rC:        It protects you from cold.
   rCorr:     It protects you from acid and corrosion.
Armour
 b - a +0 scale mail (worn)
 c - a +0 buckler (worn)
 f - a +0 cloak (worn)
Scrolls
 e - a scroll of blinking {unknown}
 g - a scroll of fog {unknown}
 i - a scroll of identify {unknown}
Potions
 d - a potion of might
 j - a potion of heal wounds {unknown}


   Skills:
 + Level 3.2 Fighting
 - Level 2.1 Long Blades
 * Level 0.0 Maces & Flails
 + Level 3.0 Armour
 + Level 1.0 Dodging
 + Level 3.0 Shields


You had 2 spell levels left.
You didn't know any spells.
Your spell library was empty.

Dungeon Overview and Level Annotations

Branches:
Dungeon (2/15)

Altars:


Innate Abilities, Weirdness & Mutations

You sometimes gain power by taking damage.


Message History

You sock the ball python!
Your weapon exudes an aura of protection.
You kill the ball python!
You see here a ball python corpse.
You see here a ball python corpse.
Found 12 gold pieces.
Found 5 gold pieces.
Found 6 gold pieces.
You now have 37 gold pieces (gained 6).
A hobgoblin comes into view.
The hobgoblin shouts!
The hobgoblin closely misses you.
You hit the hobgoblin.
Your weapon exudes an aura of protection.
The hobgoblin is almost dead.
The hobgoblin hits you but does no damage.
The hobgoblin hits you but does no damage.
You sock the hobgoblin!
Your weapon exudes an aura of protection.
You kill the hobgoblin!
Your Dodging skill increases to level 1!
Found a lumpy coppery potion.
j - a lumpy coppery potion An ogre comes into view.
It is wielding a +0 giant spiked club.
The ogre shouts!
Found 28 stones.
The ogre closely misses you.
You hit the ogre.
Your weapon exudes an aura of protection.
The ogre is lightly wounded.
The ogre hits you with a +0 giant spiked club!
You focus on the pain.
You feel very mighty all of a sudden.
The ogre hits you with a +0 giant spiked club!
* * * LOW HITPOINT WARNING * * *
You focus on the pain.
You feel mightier all of a sudden.
You barely miss the ogre.
The ogre is lightly wounded.
The ogre hits you with a +0 giant spiked club!
You die...

###############
#...(..@.......
#.#####.O.#####
#.#.# #.#.# #.#
# #.# #.# #.#
#.#


You could see an ogre.

Vanquished Creatures
  An adder (D:2)
  A worm (D:2)
  5 ball pythons
  3 goblins (D:1)
  4 hobgoblins
  2 kobolds (D:1)
  A bat (D:1)
  3 frilled lizards (D:1)
  5 rats (D:1)
25 creatures vanquished.

Vanquished Creatures (others)
  A plant (D:1)
1 creature vanquished.

Grand Total: 26 creatures vanquished

Notes
Turn   | Place    | Note
-------+----------+-------------------------------------------
     0 | D:1      | Sin92 the Demonspawn Fighter began the quest for the Orb.
     0 | D:1      | Reached XP level 1. HP: 18/18 MP: 1/1
   104 | D:1      | Gained mutation: You sometimes gain a little power by
                  | taking damage. [demonic ancestry]
   104 | D:1      | Reached XP level 2. HP: 24/24 MP: 2/2
   733 | D:2      | Gained mutation: You sometimes gain power by taking damage.
                  | [demonic ancestry]
   733 | D:2      | Reached XP level 3. HP: 20/29 MP: 3/3
   748 | D:2      | Identified the +5 mace "Rotwerch" {protect, rC+ rCorr}
   841 | D:2      | You fall into a shaft and drop 2 floors!
   907 | D:4      | Reached skill level 1 in Dodging
   920 | D:4      | Noticed an ogre
   924 | D:4      | Mangled by an ogre

Illustrated notes

Levels and vault maps discovered:
D:1:      dpeg_arrival_long_road, layout_basic, minmay_misc_feat_rugged,
          serial_bayou_lagoon_a, kennysheep_minor_cross
D:2:      layout_basic, kennysheep_jessica_study
D:4:      layout_loops_ring

Skill      XL: |  1  2  3 |
---------------+----------+-----
Long Blades    | 2 |  2.1
Armour         | 3 |  3.0
Shields        | 3 |  3.0
Dodging        | 1 |  1.0
Fighting       | |  3.2

Action                   || total
-------------------------++-------
Melee: Long sword        ||    76
       Mace              ||     5
Armor: Scale mail        ||    39
Dodge: Dodged            ||    44
Block: Buckler           ||    17
